London Knights vs Cape Breton Oilers
Created - Friday, May 12, 2023 at 07:10
Goals
|
| London Knights |
0 |
1 |
2 |
3 |
| Cape Breton Oilers |
0 |
1 |
0 |
1 |
|
Shots
|
| London Knights |
6 |
10 |
17 |
33 |
| Cape Breton Oilers |
5 |
5 |
11 |
21 |
|
1st period
No Goal
Penalties :
Alexey Toropchenko (CBO) for High sticking (Minor) at 10:22, Max Jones (CBO) for Hooking (Minor) at 14:23, Will Cuylle (CBO) for High sticking (Minor) at 18:36
2nd period
1. London Knights , Tyce Thompson 23 (Cameron Hughes 14) at 1:12
2. Cape Breton Oilers , Brandon Gignac 9 (Alexey Toropchenko 19, Jonah Gadjovich 4) at 16:31
Penalties :
Will Cuylle (CBO) for Hooking (Minor) at 2:37, Cole Koepke (LKN) for Hooking (Minor) at 4:53, Kevin Bahl (CBO) for Tripping (Minor) at 18:53
3rd period
3. London Knights , Cameron Hughes 17 (Rasmus Kupari 38) at 2:21 (PP)
4. London Knights , Cameron Hughes 18 (Tyce Thompson 25, Troy Stecher 22) at 4:23
Penalties :
Kevin Bahl (CBO) for Hooking (Minor) at 2:15, Dylan McIlrath (CBO) for Fighting (Major) at 4:26, Troy Stecher (LKN) for Fighting (Major) at 4:26, Alexey Toropchenko (CBO) for Hooking (Minor) at 13:26
Goalie Stats
Michael McNiven (LKN), 20 saves from 21 shots - (0.952), W, 7-9-0, 60:00 minutes
Matthew Villalta (CBO), 30 saves from 33 shots - (0.909), L, 10-15-3, 60:00 minutes
Players Stats for London Knights
Player Name G A P +/- PIM S H SB GA TA FO MP PP MP PK MP
------------------------------------------------------------------------------------
Cameron Hughes 2 1 3 1 0 5 1 0 3 1 1/1 22:57 6:36 0:39
Christian Wolanin 0 0 0 1 0 0 1 0 1 0 0/0 21:02 5:14 1:01
Cole Koepke 0 0 0 0 2 0 2 0 0 0 0/0 12:40 0:28 0:00
Connor Bunnaman 0 0 0 0 0 0 2 0 0 0 1/2 16:34 4:56 0:00
Curtis Douglas 0 0 0 0 0 0 0 1 0 0 1/2 2:08 0:00 0:00
Declan McDonnell 0 0 0 0 0 0 0 0 0 0 0/0 7:25 0:00 0:00
Dominik Bokk 0 0 0 0 0 0 2 0 0 0 0/0 13:07 0:25 0:27
Ethan Bear 0 0 0 0 0 3 0 0 0 0 0/0 28:50 6:46 0:58
Jan Jenik 0 0 0 0 0 3 2 0 1 0 4/7 17:22 4:55 0:46
Jordan Oesterle 0 0 0 1 0 3 1 1 1 1 0/0 21:05 5:14 1:01
Marco Rossi 0 0 0 0 0 2 2 0 1 0 2/4 14:17 0:32 0:25
Nick Swaney 0 0 0 0 0 2 4 0 0 0 0/0 15:41 4:56 0:00
Rasmus Kupari 0 1 1 1 0 2 4 0 2 0 23/37 23:08 6:36 0:55
Sami Niku 0 0 0 0 0 0 0 2 0 0 0/0 12:13 0:00 0:00
Simon Lundmark 0 0 0 0 0 0 0 0 0 0 0/0 10:27 0:00 0:00
Simon Ryfors 0 0 0 0 0 0 2 0 0 0 0/1 10:25 0:00 0:46
Troy Stecher 0 1 1 0 5 5 0 1 0 1 0/0 26:22 6:46 0:58
Tyce Thompson 1 1 2 1 0 8 1 0 2 0 0/3 22:16 6:36 0:00
Players Stats for Cape Breton Oilers
Player Name G A P +/- PIM S H SB GA TA FO MP PP MP PK MP
------------------------------------------------------------------------------------
Alexandre Texier 0 0 0 0 0 4 0 0 0 2 12/32 23:25 0:44 5:50
Alexey Toropchenko 0 1 1 -1 4 3 1 1 0 0 1/1 19:09 0:49 3:55
Brandon Gignac 1 0 1 -1 0 4 0 1 0 0 6/8 15:44 1:00 0:16
Carl Grundstrom 0 0 0 0 0 1 3 1 0 1 2/3 20:57 0:51 5:58
Dylan McIlrath 0 0 0 1 5 0 1 0 0 0 0/0 12:18 0:00 1:08
Hudson Fasching 0 0 0 0 0 2 1 1 1 1 0/0 12:59 0:18 0:00
J.D. Greenway 0 0 0 -1 0 0 0 0 0 0 0/0 7:24 0:00 0:00
Jonah Gadjovich 0 1 1 -1 0 1 1 0 0 1 0/1 15:20 1:00 0:00
Kevin Bahl 0 0 0 -1 4 0 2 2 0 2 0/0 19:35 0:46 4:56
Kody Clark 0 0 0 0 0 1 0 1 0 0 2/5 14:07 0:00 0:00
Leon Gawanke 0 0 0 1 0 0 0 0 0 0 0/0 12:52 0:00 0:00
Luke Evangelista 0 0 0 0 0 0 0 0 0 0 0/0 4:17 0:30 0:00
Marcus Pettersson 0 0 0 -2 0 1 3 2 0 1 0/0 23:59 0:46 6:04
Max Jones 0 0 0 0 2 0 1 1 0 0 0/1 6:21 0:04 0:35
Parker Kelly 0 0 0 0 0 1 1 0 1 0 2/6 21:05 0:40 5:38
Philip Broberg 0 0 0 0 0 2 0 4 1 2 0/0 21:55 1:13 5:56
Vladislav Kolyachonok 0 0 0 0 0 1 0 1 0 0 0/0 21:55 1:13 5:56
Will Cuylle 0 0 0 0 4 0 0 0 0 1 0/0 14:30 0:01 1:48
3 Stars
1 - Cameron Hughes (LKN)
2 - Tyce Thompson (LKN)
3 - Rasmus Kupari (LKN)
Power Play
London Knights - 1 on 7 Attempt(s) - 14.29%
Cape Breton Oilers - 0 on 1 Attempt(s) - 0.00%
Penalty Kill
London Knights - 1 on 1 Attempt(s) - 100.00%
- Score 0 goal in Penalty Kill
Cape Breton Oilers - 6 on 7 Attempt(s) - 85.71%
- Score 0 goal in Penalty Kill
Team Stat
London Knights - Hits : 24 - Faceoff Wins : 32 - Blocked Shots : 5 - Penalty Minutes : 7
Cape Breton Oilers - Hits : 14 - Faceoff Wins : 25 - Blocked Shots : 15 - Penalty Minutes : 19
Official
Referees : Chris Lee and Garrett Rank
Linesman : Unknown
Game Notes
Curtis Douglas is injured at 9:25 of 1st period (Sprained Right Finger)
Troy Stecher beats up Dylan McIlrath at 4:26 of 3rd period
London Knights
5 vs 5 Forward
Center Left Wing Right Wing Time % Phy DF OF
1 Rasmus Kupari Cameron Hughes Tyce Thompson 40 1 2 2
2 Jan Jenik Connor Bunnaman Nick Swaney 30 1 2 2
3 Curtis Douglas Cole Koepke Dominik Bokk 20 1 2 2
4 Marco Rossi Simon Ryfors Declan McDonnell 10 1 2 2
5 vs 5 Defense
Defense Defense Time % Phy DF OF
1 Ethan Bear Troy Stecher 40 1 2 2
2 Jordan Oesterle Christian Wolanin 30 1 2 2
3 Sami Niku Simon Lundmark 20 1 2 2
4 Ethan Bear Troy Stecher 10 1 2 2
PowerPlay Forward
Center Left Wing Right Wing Time % Phy DF OF
1 Rasmus Kupari Cameron Hughes Tyce Thompson 60 1 2 2
2 Jan Jenik Connor Bunnaman Nick Swaney 40 1 2 2
PowerPlay Defense
Defense Defense Time % Phy DF OF
1 Ethan Bear Troy Stecher 60 1 2 2
2 Jordan Oesterle Christian Wolanin 40 1 2 2
Penalty Kill 4 Players Forward
Center Wing Time % Phy DF OF
1 Rasmus Kupari Jan Jenik 60 1 2 2
2 Cameron Hughes Curtis Douglas 40 1 2 2
Penalty Kill 4 Players Defense
Defense Defense Time % Phy DF OF
1 Ethan Bear Troy Stecher 60 1 2 2
2 Jordan Oesterle Christian Wolanin 40 1 2 2
Penalty Kill - 3 Players Forward
Forward Time % Phy DF OF
1 Rasmus Kupari 60 1 2 2
2 Jan Jenik 40 1 2 2
Penalty Kill - 3 Players Defense
Defense Defense Time % Phy DF OF
1 Ethan Bear Troy Stecher 60 1 2 2
2 Jordan Oesterle Christian Wolanin 40 1 2 2
4 vs 4 Forward
Center Wing Time % Phy DF OF
1 Rasmus Kupari Jan Jenik 60 1 2 2
2 Cameron Hughes Curtis Douglas 40 1 2 2
4 vs 4 Defense
Defense Defense Time % Phy DF OF
1 Ethan Bear Troy Stecher 60 1 2 2
2 Jordan Oesterle Christian Wolanin 40 1 2 2
Last Minutes Offensive
Center Left Wing Right Wing Defense Defense
Rasmus Kupari Cameron Hughes Tyce Thompson Ethan Bear Troy Stecher
Last Minutes Defensive
Center Left Wing Right Wing Defense Defense
Rasmus Kupari Cameron Hughes Tyce Thompson Ethan Bear Troy Stecher
Goaltenders
Starting : Michael McNiven
Backup : Michael Hutchinson
Extra Forwards
Normal : Marco Rossi, Cole Koepke, Simon Ryfors - PP : Marco Rossi, Cole Koepke - PK : Simon Ryfors
Extra Defensemen
Normal : Sami Niku, Simon Lundmark, Jordan Oesterle - PP : Sami Niku - PK : Simon Lundmark, Jordan Oesterle
Penalty Shots
Rasmus Kupari, Jan Jenik, Cameron Hughes, Curtis Douglas, Marco Rossi
Cape Breton Oilers
5 vs 5 Forward
Center Left Wing Right Wing Time % Phy DF OF
1 Alexandre Texier Carl Grundstrom Parker Kelly 30 1 2 2
2 Brandon Gignac Jonah Gadjovich Alexey Toropchenko 30 1 2 2
3 Kody Clark Will Cuylle Hudson Fasching 25 1 2 2
4 Alexandre Texier Max Jones Kody Clark 15 1 2 2
5 vs 5 Defense
Defense Defense Time % Phy DF OF
1 Marcus Pettersson Kevin Bahl 30 1 2 2
2 Vladislav Kolyachonok Philip Broberg 30 1 2 2
3 Leon Gawanke Dylan McIlrath 25 1 2 2
4 J.D. Greenway Marcus Pettersson 15 1 2 2
PowerPlay Forward
Center Left Wing Right Wing Time % Phy DF OF
1 Alexandre Texier Carl Grundstrom Parker Kelly 50 1 2 2
2 Brandon Gignac Jonah Gadjovich Alexey Toropchenko 50 1 2 2
PowerPlay Defense
Defense Defense Time % Phy DF OF
1 Marcus Pettersson Kevin Bahl 50 1 2 2
2 Vladislav Kolyachonok Philip Broberg 50 1 2 2
Penalty Kill 4 Players Forward
Center Wing Time % Phy DF OF
1 Alexandre Texier Parker Kelly 50 1 2 2
2 Carl Grundstrom Alexey Toropchenko 50 1 2 2
Penalty Kill 4 Players Defense
Defense Defense Time % Phy DF OF
1 Marcus Pettersson Kevin Bahl 50 1 2 2
2 Vladislav Kolyachonok Philip Broberg 50 1 2 2
Penalty Kill - 3 Players Forward
Forward Time % Phy DF OF
1 Alexandre Texier 50 1 2 2
2 Parker Kelly 50 1 2 2
Penalty Kill - 3 Players Defense
Defense Defense Time % Phy DF OF
1 Marcus Pettersson Kevin Bahl 50 1 2 2
2 Vladislav Kolyachonok Philip Broberg 50 1 2 2
4 vs 4 Forward
Center Wing Time % Phy DF OF
1 Alexandre Texier Parker Kelly 50 1 2 2
2 Carl Grundstrom Alexey Toropchenko 50 1 2 2
4 vs 4 Defense
Defense Defense Time % Phy DF OF
1 Marcus Pettersson Kevin Bahl 50 1 2 2
2 Vladislav Kolyachonok Philip Broberg 50 1 2 2
Last Minutes Offensive
Center Left Wing Right Wing Defense Defense
Alexandre Texier Carl Grundstrom Parker Kelly Marcus Pettersson Kevin Bahl
Last Minutes Defensive
Center Left Wing Right Wing Defense Defense
Alexandre Texier Carl Grundstrom Parker Kelly Marcus Pettersson Kevin Bahl
Goaltenders
Starting : Matthew Villalta
Backup : Jack LaFontaine
Extra Forwards
Normal : Luke Evangelista, Hudson Fasching, Will Cuylle - PP : Luke Evangelista, Hudson Fasching - PK : Will Cuylle
Extra Defensemen
Normal : Leon Gawanke, Dylan McIlrath, J.D. Greenway - PP : Leon Gawanke - PK : Dylan McIlrath, J.D. Greenway
Penalty Shots
Alexandre Texier, Parker Kelly, Carl Grundstrom, Alexey Toropchenko, Brandon Gignac
% Time on Ice - London Knights
Lines # - Real PCT - Wanted PCT - Time Play
Normal Forward
1 - 35% - 40% - 16:01
2 - 27% - 30% - 12:13
3 - 24% - 20% - 11:10
4 - 14% - 10% - 6:37
Normal Defense
1 - 43% - 40% - 19:48
2 - 31% - 30% - 14:22
3 - 21% - 20% - 9:52
4 - 4% - 10% - 1:59
PP Forward
1 - 59% - 60% - 7:04
2 - 41% - 40% - 4:56
PP Defense
1 - 56% - 60% - 6:46
2 - 44% - 40% - 5:14
PK Forward
1 - 67% - 60% - 1:20
2 - 33% - 40% - 0:39
PK Defense
1 - 49% - 60% - 0:58
2 - 51% - 40% - 1:01
PK3 Forward
1 - 0% - 60%
2 - 0% - 40%
PK3 Defense
1 - 0% - 60%
2 - 0% - 40%
44 Forward
1 - 0% - 60%
2 - 0% - 40%
44 Defense
1 - 0% - 60%
2 - 0% - 40%
Last Minute Offensive - 0:00
Last Minute Defensive - 0:00
Total
Forward - 60:00
Defense - 60:00
|
% Time on Ice - Cape Breton Oilers
Lines # - Real PCT - Wanted PCT - Time Play
Normal Forward
1 - 32% - 30% - 14:42
2 - 34% - 30% - 15:39
3 - 24% - 25% - 11:16
4 - 10% - 15% - 4:24
Normal Defense
1 - 28% - 30% - 12:41
2 - 32% - 30% - 14:46
3 - 28% - 25% - 12:52
4 - 12% - 15% - 5:42
PP Forward
1 - 49% - 50% - 0:58
2 - 51% - 50% - 1:01
PP Defense
1 - 39% - 50% - 0:46
2 - 61% - 50% - 1:13
PK Forward
1 - 45% - 50% - 5:24
2 - 55% - 50% - 6:36
PK Defense
1 - 51% - 50% - 6:04
2 - 49% - 50% - 5:56
PK3 Forward
1 - 0% - 50%
2 - 0% - 50%
PK3 Defense
1 - 0% - 50%
2 - 0% - 50%
44 Forward
1 - 0% - 50%
2 - 0% - 50%
44 Defense
1 - 0% - 50%
2 - 0% - 50%
Last Minute Offensive - 0:00
Last Minute Defensive - 0:00
Total
Forward - 60:00
Defense - 60:00
|
Play-by-Play
1st period
0:01 of 1st period - Rasmus Kupari wins face-off versus Alexandre Texier in neutral zone.
0:09 of 1st period - Cameron Hughes is hit by Carl Grundstrom and loses puck.
0:26 of 1st period - Connor Bunnaman is hit by Alexey Toropchenko and loses puck.
0:37 of 1st period - Jordan Oesterle is hit by Kevin Bahl and loses puck.
0:47 of 1st period - Off-side.
0:48 of 1st period - Kody Clark wins face-off versus Curtis Douglas in neutral zone.
0:53 of 1st period - Slapshot by Hudson Fasching.
0:53 of 1st period - Shot Blocked by Sami Niku.
0:59 of 1st period - Slapshot by Philip Broberg.
0:59 of 1st period - Shot Misses the Net.
1:37 of 1st period - Wrist shot by Brandon Gignac.
1:37 of 1st period - Shot Misses the Net.
1:39 of 1st period - Wrist shot by Brandon Gignac.
1:39 of 1st period - Stopped by Michael McNiven without a rebound.
1:40 of 1st period - Brandon Gignac wins face-off versus Rasmus Kupari in London Knights zone.
2:07 of 1st period - Marcus Pettersson is hit by Jan Jenik and loses puck.
3:19 of 1st period - Icing by Kody Clark.
3:20 of 1st period - Curtis Douglas wins face-off versus Kody Clark in Cape Breton Oilers zone.
3:25 of 1st period - Backhand shot by Tyce Thompson.
3:25 of 1st period - Stopped by Matthew Villalta with a rebound.
3:47 of 1st period - Kody Clark is hit by Nick Swaney and loses puck.
4:06 of 1st period - Snap shot by Hudson Fasching.
4:06 of 1st period - Stopped by Michael McNiven with a rebound.
4:08 of 1st period - Slapshot by Philip Broberg.
4:08 of 1st period - Deflect By Hudson Fasching.
4:08 of 1st period - Shot Misses the Net.
4:08 of 1st period - Puck is out of play.
4:09 of 1st period - Marco Rossi wins face-off versus Parker Kelly in London Knights zone.
4:38 of 1st period - Slapshot by Troy Stecher.
4:38 of 1st period - Shot Blocked by Kevin Bahl.
4:43 of 1st period - Off-side.
4:44 of 1st period - Alexandre Texier wins face-off versus Rasmus Kupari in neutral zone.
4:51 of 1st period - Snap shot by Alexandre Texier.
4:51 of 1st period - Stopped by Michael McNiven with a rebound.
4:53 of 1st period - Slapshot by Dylan McIlrath.
4:53 of 1st period - Deflect By Alexandre Texier.
4:53 of 1st period - Stopped by Michael McNiven with a rebound.
4:55 of 1st period - Slapshot by Dylan McIlrath.
4:55 of 1st period - Deflect By Alexandre Texier.
4:55 of 1st period - Stopped by Michael McNiven without a rebound.
4:56 of 1st period - Rasmus Kupari wins face-off versus Alexandre Texier in London Knights zone.
5:44 of 1st period - Christian Wolanin is hit by Marcus Pettersson and loses puck.
6:27 of 1st period - Backhand shot by Cameron Hughes.
6:27 of 1st period - Shot Misses the Net.
6:35 of 1st period - Slapshot by Tyce Thompson.
6:35 of 1st period - Stopped by Matthew Villalta with a rebound.
7:17 of 1st period - Brandon Gignac is hit by Rasmus Kupari and loses puck.
7:30 of 1st period - Snap shot by Marco Rossi.
7:30 of 1st period - Stopped by Matthew Villalta without a rebound.
7:31 of 1st period - Kody Clark wins face-off versus Marco Rossi in Cape Breton Oilers zone.
7:36 of 1st period - Marco Rossi is hit by Dylan McIlrath and loses puck.
7:47 of 1st period - Wrist shot by Marco Rossi.
7:47 of 1st period - Shot Misses the Net.
7:50 of 1st period - Icing by Dylan McIlrath.
7:51 of 1st period - Parker Kelly wins face-off versus Rasmus Kupari in Cape Breton Oilers zone.
8:47 of 1st period - Slapshot by Marco Rossi.
8:47 of 1st period - Shot Misses the Net.
9:09 of 1st period - Slapshot by Alexandre Texier.
9:09 of 1st period - Shot Misses the Net.
9:23 of 1st period - Wrist shot by Brandon Gignac.
9:23 of 1st period - Shot Blocked by Sami Niku.
9:25 of 1st period - Slapshot by Jonah Gadjovich.
9:25 of 1st period - Shot Blocked by Curtis Douglas.
9:25 of 1st period - Curtis Douglas from London Knights is injured at 9:25 of 1st period (Sprained Right Finger).
9:26 of 1st period - Alexandre Texier wins face-off versus Rasmus Kupari in London Knights zone.
9:32 of 1st period - Icing by Cameron Hughes.
9:33 of 1st period - Alexandre Texier wins face-off versus Rasmus Kupari in London Knights zone.
9:45 of 1st period - Off-side.
9:46 of 1st period - Alexandre Texier wins face-off versus Rasmus Kupari in neutral zone.
9:55 of 1st period - Cameron Hughes is hit by Marcus Pettersson and loses puck.
10:22 of 1st period - Minor Penalty to Alexey Toropchenko for High sticking.
10:23 of 1st period - Rasmus Kupari wins face-off versus Alexandre Texier in Cape Breton Oilers zone.
10:33 of 1st period - Snap shot by Tyce Thompson.
10:33 of 1st period - Stopped by Matthew Villalta with a rebound.
10:35 of 1st period - Slapshot by Rasmus Kupari.
10:35 of 1st period - Shot Blocked by Philip Broberg.
10:37 of 1st period - Wrist shot by Rasmus Kupari.
10:37 of 1st period - Shot Misses the Net.
10:39 of 1st period - Wrist shot by Tyce Thompson.
10:39 of 1st period - Stopped by Matthew Villalta without a rebound.
10:40 of 1st period - Jan Jenik wins face-off versus Alexandre Texier in Cape Breton Oilers zone.
11:05 of 1st period - Tyce Thompson is hit by Marcus Pettersson and loses puck.
11:14 of 1st period - Snap shot by Cameron Hughes.
11:14 of 1st period - Shot Misses the Net.
11:24 of 1st period - Jan Jenik is hit by Carl Grundstrom and loses puck.
11:31 of 1st period - Kevin Bahl is hit by Nick Swaney and loses puck.
12:22 of 1st period - Penalty to Alexey Toropchenko is over, Alexey Toropchenko is back on ice.
12:44 of 1st period - Kody Clark is hit by Dominik Bokk and loses puck.
14:23 of 1st period - Minor Penalty to Max Jones for Hooking.
14:24 of 1st period - Carl Grundstrom wins face-off versus Rasmus Kupari in Cape Breton Oilers zone.
14:50 of 1st period - Philip Broberg is hit by Jan Jenik and loses puck.
16:23 of 1st period - Penalty to Max Jones is over, Max Jones is back on ice.
16:34 of 1st period - Off-side.
16:35 of 1st period - Marco Rossi wins face-off versus Kody Clark in neutral zone.
16:46 of 1st period - Simon Ryfors is hit by Hudson Fasching and loses puck.
17:11 of 1st period - Icing by Troy Stecher.
17:12 of 1st period - Rasmus Kupari wins face-off versus Brandon Gignac in London Knights zone.
17:21 of 1st period - Slapshot by Rasmus Kupari.
17:21 of 1st period - Deflect By Tyce Thompson.
17:21 of 1st period - Shot Blocked by Alexey Toropchenko.
17:21 of 1st period - Puck is out of play.
17:22 of 1st period - Rasmus Kupari wins face-off versus Alexandre Texier in Cape Breton Oilers zone.
17:31 of 1st period - Slapshot by Cameron Hughes.
17:31 of 1st period - Shot Blocked by Marcus Pettersson.
17:33 of 1st period - Slapshot by Ethan Bear.
17:33 of 1st period - Deflect By Marcus Pettersson.
17:33 of 1st period - Stopped by Matthew Villalta without a rebound.
17:34 of 1st period - Rasmus Kupari wins face-off versus Parker Kelly in Cape Breton Oilers zone.
18:30 of 1st period - Kody Clark is hit by Marco Rossi and loses puck.
18:36 of 1st period - Minor Penalty to Will Cuylle for High sticking.
18:37 of 1st period - Alexandre Texier wins face-off versus Rasmus Kupari in Cape Breton Oilers zone.
19:03 of 1st period - Parker Kelly is hit by Connor Bunnaman.
Goals for this period are 0 for London Knights vs 0 for Cape Breton Oilers.
Shots for this period are 6 for London Knights vs 5 for Cape Breton Oilers.
2nd period
0:01 of 2nd period - Alexandre Texier wins face-off versus Rasmus Kupari in neutral zone.
0:32 of 2nd period - Wrist shot by Connor Bunnaman.
0:32 of 2nd period - Shot Blocked by Philip Broberg.
0:36 of 2nd period - Penalty to Will Cuylle is over, Will Cuylle is back on ice.
0:36 of 2nd period - Snap shot by Jan Jenik.
0:36 of 2nd period - Stopped by Matthew Villalta with a rebound.
0:52 of 2nd period - Snap shot by Hudson Fasching.
0:52 of 2nd period - Stopped by Michael McNiven with a rebound.
0:54 of 2nd period - Snap shot by Hudson Fasching.
0:54 of 2nd period - Shot Blocked by Jordan Oesterle.
0:56 of 2nd period - Wrist shot by Kody Clark.
0:56 of 2nd period - Stopped by Michael McNiven with a rebound.
1:12 of 2nd period - Backhand shot by Tyce Thompson.
1:12 of 2nd period - Goal by Tyce Thompson - London Knights : 1 - Cape Breton Oilers : 0.
1:13 of 2nd period - Rasmus Kupari wins face-off versus Alexandre Texier in neutral zone.
1:15 of 2nd period - Off-side.
1:16 of 2nd period - Rasmus Kupari wins face-off versus Alexandre Texier in neutral zone.
1:20 of 2nd period - Off-side.
1:21 of 2nd period - Alexandre Texier wins face-off versus Rasmus Kupari in neutral zone.
1:31 of 2nd period - Icing by Tyce Thompson.
1:32 of 2nd period - Rasmus Kupari wins face-off versus Parker Kelly in London Knights zone.
1:32 of 2nd period - Rasmus Kupari is hit by Kevin Bahl.
1:38 of 2nd period - Slapshot by Ethan Bear.
1:38 of 2nd period - Deflect By Rasmus Kupari.
1:38 of 2nd period - Stopped by Matthew Villalta without a rebound.
1:39 of 2nd period - Rasmus Kupari wins face-off versus Alexandre Texier in Cape Breton Oilers zone.
2:37 of 2nd period - Minor Penalty to Will Cuylle for Hooking.
2:38 of 2nd period - Rasmus Kupari wins face-off versus Alexandre Texier in Cape Breton Oilers zone.
2:52 of 2nd period - Alexey Toropchenko is hit by Rasmus Kupari and loses puck.
4:37 of 2nd period - Penalty to Will Cuylle is over, Will Cuylle is back on ice.
4:53 of 2nd period - Minor Penalty to Cole Koepke for Hooking.
4:54 of 2nd period - Rasmus Kupari wins face-off versus Brandon Gignac in London Knights zone.
5:06 of 2nd period - Ethan Bear is hit by Jonah Gadjovich and loses puck.
6:10 of 2nd period - Parker Kelly is hit by Christian Wolanin and loses puck.
6:53 of 2nd period - Penalty to Cole Koepke is over, Cole Koepke is back on ice.
7:05 of 2nd period - Kody Clark is hit by Marco Rossi.
10:34 of 2nd period - Alexandre Texier is hit by Simon Ryfors and loses puck.
11:13 of 2nd period - Dylan McIlrath is hit by Simon Ryfors and loses puck.
12:45 of 2nd period - Kody Clark is hit by Nick Swaney and loses puck.
12:58 of 2nd period - Icing by Ethan Bear.
12:59 of 2nd period - Brandon Gignac wins face-off versus Connor Bunnaman in London Knights zone.
13:32 of 2nd period - Kody Clark is hit by Jordan Oesterle and loses puck.
14:06 of 2nd period - Off-side.
14:07 of 2nd period - Brandon Gignac wins face-off versus Simon Ryfors in neutral zone.
14:13 of 2nd period - Wrist shot by Alexey Toropchenko.
14:13 of 2nd period - Deflect By Jonah Gadjovich.
14:13 of 2nd period - Stopped by Michael McNiven with a rebound.
14:39 of 2nd period - Wrist shot by Alexandre Texier.
14:39 of 2nd period - Shot Misses the Net.
14:41 of 2nd period - Snap shot by Parker Kelly.
14:41 of 2nd period - Shot Misses the Net.
14:43 of 2nd period - Snap shot by Parker Kelly.
14:43 of 2nd period - Stopped by Michael McNiven with a rebound.
15:26 of 2nd period - Snap shot by Rasmus Kupari.
15:26 of 2nd period - Shot Misses the Net.
15:28 of 2nd period - Slapshot by Jordan Oesterle.
15:28 of 2nd period - Shot Blocked by Brandon Gignac.
15:30 of 2nd period - Snap shot by Jordan Oesterle.
15:30 of 2nd period - Deflect By Alexey Toropchenko.
15:30 of 2nd period - Stopped by Matthew Villalta with a rebound.
15:32 of 2nd period - Snap shot by Rasmus Kupari.
15:32 of 2nd period - Shot Blocked by Kevin Bahl.
15:56 of 2nd period - Slapshot by Jordan Oesterle.
15:56 of 2nd period - Stopped by Matthew Villalta with a rebound.
15:58 of 2nd period - Snap shot by Jordan Oesterle.
15:58 of 2nd period - Stopped by Matthew Villalta without a rebound.
15:59 of 2nd period - Alexandre Texier wins face-off versus Jan Jenik in Cape Breton Oilers zone.
16:10 of 2nd period - Dylan McIlrath is hit by Connor Bunnaman and loses puck.
16:29 of 2nd period - Snap shot by Brandon Gignac.
16:29 of 2nd period - Shot Blocked by Troy Stecher.
16:31 of 2nd period - Snap shot by Brandon Gignac.
16:31 of 2nd period - Goal by Brandon Gignac - London Knights : 1 - Cape Breton Oilers : 1.
16:32 of 2nd period - Rasmus Kupari wins face-off versus Alexandre Texier in neutral zone.
16:35 of 2nd period - Slapshot by Troy Stecher.
16:35 of 2nd period - Shot Blocked by Vladislav Kolyachonok.
16:57 of 2nd period - Alexey Toropchenko is hit by Nick Swaney and loses puck.
17:17 of 2nd period - Snap shot by Ethan Bear.
17:17 of 2nd period - Shot Misses the Net.
17:19 of 2nd period - Snap shot by Dominik Bokk.
17:19 of 2nd period - Shot Blocked by Kody Clark.
17:21 of 2nd period - Wrist shot by Marco Rossi.
17:21 of 2nd period - Shot Misses the Net.
17:23 of 2nd period - Backhand shot by Cole Koepke.
17:23 of 2nd period - Shot Misses the Net.
17:25 of 2nd period - Snap shot by Cole Koepke.
17:25 of 2nd period - Shot Blocked by Hudson Fasching.
17:27 of 2nd period - Slapshot by Troy Stecher.
17:27 of 2nd period - Shot Misses the Net.
17:38 of 2nd period - Off-side.
17:39 of 2nd period - Rasmus Kupari wins face-off versus Alexandre Texier in neutral zone.
17:44 of 2nd period - Backhand shot by Rasmus Kupari.
17:44 of 2nd period - Shot Hit the Post.
17:46 of 2nd period - Snap shot by Cameron Hughes.
17:46 of 2nd period - Shot Blocked by Carl Grundstrom.
17:48 of 2nd period - Snap shot by Cameron Hughes.
17:48 of 2nd period - Shot Misses the Net.
17:50 of 2nd period - Snap shot by Cameron Hughes.
17:50 of 2nd period - Stopped by Matthew Villalta without a rebound.
17:51 of 2nd period - Jan Jenik wins face-off versus Alexandre Texier in Cape Breton Oilers zone.
17:56 of 2nd period - Wrist shot by Nick Swaney.
17:56 of 2nd period - Shot Blocked by Philip Broberg.
18:04 of 2nd period - Jordan Oesterle is hit by Carl Grundstrom and loses puck.
18:53 of 2nd period - Minor Penalty to Kevin Bahl for Tripping.
18:54 of 2nd period - Rasmus Kupari wins face-off versus Parker Kelly in Cape Breton Oilers zone.
18:55 of 2nd period - Snap shot by Cameron Hughes.
18:55 of 2nd period - Stopped by Matthew Villalta with a rebound.
18:57 of 2nd period - Slapshot by Cameron Hughes.
18:57 of 2nd period - Shot Misses the Net.
18:59 of 2nd period - Slapshot by Ethan Bear.
18:59 of 2nd period - Shot Misses the Net.
19:01 of 2nd period - Wrist shot by Rasmus Kupari.
19:01 of 2nd period - Stopped by Matthew Villalta with a rebound.
19:03 of 2nd period - Snap shot by Troy Stecher.
19:03 of 2nd period - Stopped by Matthew Villalta with a rebound.
Goals for this period are 1 for London Knights vs 1 for Cape Breton Oilers.
Shots for this period are 10 for London Knights vs 5 for Cape Breton Oilers.
3rd period
0:01 of 3rd period - Rasmus Kupari wins face-off versus Alexandre Texier in neutral zone.
0:04 of 3rd period - Slapshot by Troy Stecher.
0:04 of 3rd period - Stopped by Matthew Villalta without a rebound.
0:05 of 3rd period - Parker Kelly wins face-off versus Tyce Thompson in Cape Breton Oilers zone.
0:14 of 3rd period - Slapshot by Troy Stecher.
0:14 of 3rd period - Stopped by Matthew Villalta with a rebound.
0:16 of 3rd period - Slapshot by Troy Stecher.
0:16 of 3rd period - Stopped by Matthew Villalta with a rebound.
0:18 of 3rd period - Snap shot by Ethan Bear.
0:18 of 3rd period - Deflect By Tyce Thompson.
0:18 of 3rd period - Shot Blocked by Marcus Pettersson.
0:18 of 3rd period - Puck is out of play.
0:19 of 3rd period - Rasmus Kupari wins face-off versus Alexandre Texier in Cape Breton Oilers zone.
0:30 of 3rd period - Slapshot by Tyce Thompson.
0:30 of 3rd period - Stopped by Matthew Villalta without a rebound.
0:31 of 3rd period - Alexandre Texier wins face-off versus Rasmus Kupari in Cape Breton Oilers zone.
0:42 of 3rd period - Slapshot by Troy Stecher.
0:42 of 3rd period - Deflect By Alexey Toropchenko.
0:42 of 3rd period - Stopped by Matthew Villalta with a rebound.
0:44 of 3rd period - Slapshot by Ethan Bear.
0:44 of 3rd period - Stopped by Matthew Villalta with a rebound.
0:53 of 3rd period - Penalty to Kevin Bahl is over, Kevin Bahl is back on ice.
0:53 of 3rd period - Icing by Troy Stecher.
0:54 of 3rd period - Cameron Hughes wins face-off versus Max Jones in London Knights zone.
1:07 of 3rd period - Slapshot by Ethan Bear.
1:07 of 3rd period - Deflect By Rasmus Kupari.
1:07 of 3rd period - Shot Blocked by Philip Broberg.
1:07 of 3rd period - Puck is out of play.
1:08 of 3rd period - Brandon Gignac wins face-off versus Jan Jenik in Cape Breton Oilers zone.
1:19 of 3rd period - Wrist shot by Jan Jenik.
1:19 of 3rd period - Shot Misses the Net.
2:04 of 3rd period - Slapshot by Brandon Gignac.
2:04 of 3rd period - Stopped by Michael McNiven with a rebound.
2:06 of 3rd period - Slapshot by Philip Broberg.
2:06 of 3rd period - Stopped by Michael McNiven with a rebound.
2:08 of 3rd period - Slapshot by Vladislav Kolyachonok.
2:08 of 3rd period - Stopped by Michael McNiven without a rebound.
2:09 of 3rd period - Rasmus Kupari wins face-off versus Alexandre Texier in London Knights zone.
2:15 of 3rd period - Minor Penalty to Kevin Bahl for Hooking.
2:16 of 3rd period - Rasmus Kupari wins face-off versus Alexandre Texier in Cape Breton Oilers zone.
2:21 of 3rd period - Snap shot by Cameron Hughes.
2:21 of 3rd period - Goal by Cameron Hughes - London Knights : 2 - Cape Breton Oilers : 1.
2:22 of 3rd period - Rasmus Kupari wins face-off versus Carl Grundstrom in neutral zone.
2:28 of 3rd period - Off-side.
2:29 of 3rd period - Alexandre Texier wins face-off versus Rasmus Kupari in neutral zone.
2:36 of 3rd period - Slapshot by Alexandre Texier.
2:36 of 3rd period - Stopped by Michael McNiven with a rebound.
3:21 of 3rd period - Snap shot by Carl Grundstrom.
3:21 of 3rd period - Stopped by Michael McNiven with a rebound.
3:23 of 3rd period - Wrist shot by Marcus Pettersson.
3:23 of 3rd period - Stopped by Michael McNiven without a rebound.
3:24 of 3rd period - Jan Jenik wins face-off versus Jonah Gadjovich in London Knights zone.
4:05 of 3rd period - Off-side.
4:06 of 3rd period - Alexey Toropchenko wins face-off versus Marco Rossi in neutral zone.
4:09 of 3rd period - Slapshot by Marcus Pettersson.
4:09 of 3rd period - Shot Misses the Net.
4:11 of 3rd period - Snap shot by Alexey Toropchenko.
4:11 of 3rd period - Shot Misses the Net.
4:13 of 3rd period - Snap shot by Alexey Toropchenko.
4:13 of 3rd period - Stopped by Michael McNiven without a rebound.
4:14 of 3rd period - Brandon Gignac wins face-off versus Rasmus Kupari in London Knights zone.
4:15 of 3rd period - Snap shot by Alexey Toropchenko.
4:15 of 3rd period - Deflect By Brandon Gignac.
4:15 of 3rd period - Stopped by Michael McNiven with a rebound.
4:21 of 3rd period - Slapshot by Troy Stecher.
4:21 of 3rd period - Shot Misses the Net.
4:23 of 3rd period - Wrist shot by Tyce Thompson.
4:23 of 3rd period - Deflect By Cameron Hughes.
4:23 of 3rd period - Goal by Cameron Hughes - London Knights : 3 - Cape Breton Oilers : 1.
4:24 of 3rd period - Alexandre Texier wins face-off versus Rasmus Kupari in neutral zone.
4:26 of 3rd period - Troy Stecher beats up Dylan McIlrath.
4:26 of 3rd period - Penalty to Dylan McIlrath for Fighting.
4:26 of 3rd period - Penalty to Troy Stecher for Fighting.
4:27 of 3rd period - Alexandre Texier wins face-off versus Tyce Thompson in London Knights zone.
4:36 of 3rd period - Slapshot by Ethan Bear.
4:36 of 3rd period - Stopped by Matthew Villalta with a rebound.
4:38 of 3rd period - Slapshot by Ethan Bear.
4:38 of 3rd period - Deflect By Rasmus Kupari.
4:38 of 3rd period - Shot Misses the Net.
4:38 of 3rd period - Puck is out of play.
4:39 of 3rd period - Rasmus Kupari wins face-off versus Alexandre Texier in Cape Breton Oilers zone.
4:50 of 3rd period - Snap shot by Tyce Thompson.
4:50 of 3rd period - Stopped by Matthew Villalta with a rebound.
4:52 of 3rd period - Snap shot by Tyce Thompson.
4:52 of 3rd period - Shot Misses the Net.
4:54 of 3rd period - Slapshot by Sami Niku.
4:54 of 3rd period - Shot Misses the Net.
5:30 of 3rd period - Wrist shot by Connor Bunnaman.
5:30 of 3rd period - Deflect By Nick Swaney.
5:30 of 3rd period - Stopped by Matthew Villalta without a rebound.
5:31 of 3rd period - Brandon Gignac wins face-off versus Jan Jenik in Cape Breton Oilers zone.
5:44 of 3rd period - Slapshot by Jan Jenik.
5:44 of 3rd period - Stopped by Matthew Villalta with a rebound.
5:59 of 3rd period - Off-side.
6:00 of 3rd period - Rasmus Kupari wins face-off versus Kody Clark in neutral zone.
6:19 of 3rd period - Slapshot by Tyce Thompson.
6:19 of 3rd period - Stopped by Matthew Villalta with a rebound.
6:21 of 3rd period - Wrist shot by Cameron Hughes.
6:21 of 3rd period - Stopped by Matthew Villalta without a rebound.
6:22 of 3rd period - Connor Bunnaman wins face-off versus Alexandre Texier in Cape Breton Oilers zone.
6:23 of 3rd period - Snap shot by Jan Jenik.
6:23 of 3rd period - Stopped by Matthew Villalta without a rebound.
6:24 of 3rd period - Jan Jenik wins face-off versus Alexandre Texier in Cape Breton Oilers zone.
7:59 of 3rd period - Simon Lundmark is hit by Max Jones and loses puck.
8:21 of 3rd period - Will Cuylle is hit by Cole Koepke.
8:52 of 3rd period - Alexey Toropchenko is hit by Cameron Hughes and loses puck.
10:13 of 3rd period - Carl Grundstrom is hit by Rasmus Kupari and loses puck.
12:41 of 3rd period - Brandon Gignac is hit by Dominik Bokk and loses puck.
12:49 of 3rd period - Icing by Leon Gawanke.
12:50 of 3rd period - Rasmus Kupari wins face-off versus Alexandre Texier in Cape Breton Oilers zone.
12:59 of 3rd period - Alexandre Texier is hit by Tyce Thompson and loses puck.
13:26 of 3rd period - Minor Penalty to Alexey Toropchenko for Hooking.
13:27 of 3rd period - Carl Grundstrom wins face-off versus Tyce Thompson in Cape Breton Oilers zone.
14:03 of 3rd period - Snap shot by Nick Swaney.
14:03 of 3rd period - Stopped by Matthew Villalta with a rebound.
15:26 of 3rd period - Penalty to Alexey Toropchenko is over, Alexey Toropchenko is back on ice.
15:38 of 3rd period - Slapshot by Marco Rossi.
15:38 of 3rd period - Stopped by Matthew Villalta with a rebound.
15:40 of 3rd period - Snap shot by Marco Rossi.
15:40 of 3rd period - Shot Blocked by Max Jones.
15:52 of 3rd period - Wrist shot by Brandon Gignac.
15:52 of 3rd period - Deflect By Alexey Toropchenko.
15:52 of 3rd period - Stopped by Michael McNiven with a rebound.
15:54 of 3rd period - Snap shot by Alexey Toropchenko.
15:54 of 3rd period - Stopped by Michael McNiven with a rebound.
15:56 of 3rd period - Slapshot by Philip Broberg.
15:56 of 3rd period - Stopped by Michael McNiven with a rebound.
16:42 of 3rd period - Marcus Pettersson is hit by Rasmus Kupari and loses puck.
16:57 of 3rd period - Marco Rossi is hit by Parker Kelly and loses puck.
19:16 of 3rd period - Vladislav Kolyachonok is hit by Cole Koepke and loses puck.
Goals for this period are 2 for London Knights vs 0 for Cape Breton Oilers.
Shots for this period are 17 for London Knights vs 11 for Cape Breton Oilers.
Back to the Top